 Dungeon Crawl Stone Soup version 0.28-a0-1493-g08698888e4 (webtiles) character file.

Game seed: 3492190331453126672

30 testman the Skirmisher (level 3, 0/30 HPs)
             Began as a Demonspawn Monk on Jan 12, 2022.
             Slain by a jackal (1 damage)
             ... on level 2 of the Dungeon.
             The game lasted 00:03:44 (1836 turns).

testman the Skirmisher (Demonspawn Monk)            Turns: 1836, Time: 00:03:45

Health: 0/30       AC:  2    Str: 13    XL:     3   Next: 5%
Magic:  3/3        EV: 13    Int: 11    God:
Gold:   35         SH:  0    Dex: 17    Spells: 2/2 levels left

rFire   . . .      SeeInvis .   a - +0 spear
rCold   . . .      Faith    .   (no shield)
rNeg    . . .      Spirit   .   b - +0 robe
rPois   .          Reflect  .   (no helmet)
rElec   .          Harm     .   (no cloak)
rCorr   .          Rampage  .   (no gloves)
Will    .....                   (no boots)
Stlth   +++.......              (no amulet)
HPRegen 0.10/turn               (no ring)
MPRegen 0.08/turn               (no ring)

@: no status effects
A: thin skeletal structure 1, foul stench 1
a: no special abilities


You were on level 2 of the Dungeon.
You visited 1 branch of the dungeon, and saw 2 of its levels.

You collected 35 gold pieces.

Inventory:

Hand Weapons
 a - a +0 spear (weapon)
Missiles
 d - 10 poisoned darts (quivered)
 g - 37 stones
 i - 3 boomerangs
Armour
 b - a +0 robe (worn)
Scrolls
 e - a scroll of torment {unknown}
 f - a scroll of identify {unknown}
 k - a scroll of holy word {unknown}
Potions
 c - a potion of might {unknown}
 h - 3 potions of curing {unknown}
 j - 2 potions of flight {unknown}


   Skills:
 + Level 3.7 Fighting
 + Level 3.3 Polearms
 - Level 2.6 Dodging
 - Level 1.7 Stealth


You had 2 spell levels left.
You didn't know any spells.
Your spell library was empty.

Dungeon Overview and Level Annotations

Branches:
Dungeon (2/15)

Altars:


Innate Abilities, Weirdness & Mutations

You have a somewhat thin skeletal structure. (Dex +2, Stealth+)
You may rarely emit foul miasma when damaged in melee.


Message History

The jackal barks!
You hit the jackal.
You kill the jackal!
The hobgoblin barely misses you. The jackal bites you.
You are too injured to fight recklessly!
You are too injured to fight recklessly!
You are too injured to fight recklessly!
You are too injured to fight recklessly!
You hit the hobgoblin but do no damage.
The jackal bites you but does no damage.
The hobgoblin hits you.
You hit the hobgoblin but do no damage. The jackal misses you.
The hobgoblin completely misses you. The jackal misses you.
You hit the hobgoblin but do no damage. The hobgoblin barely misses you.
The jackal bites you.
You hit the hobgoblin but do no damage. The jackal misses you.
The hobgoblin barely misses you.
You hit the hobgoblin but do no damage. The jackal bites you.
* * * LOW HITPOINT WARNING * * *
The jackal bites you but does no damage.
The hobgoblin misses you.
You hit the hobgoblin.
The hobgoblin is moderately wounded.
The jackal bites you.
* * * LOW HITPOINT WARNING * * *
The jackal barely misses you. The hobgoblin closely misses you.
The jackal bites you.
* * * LOW HITPOINT WARNING * * *
The jackal bites you.
* * * LOW HITPOINT WARNING * * *
You barely miss the hobgoblin.
The hobgoblin is moderately wounded.
The jackal bites you but does no damage.
The jackal bites you.
* * * LOW HITPOINT WARNING * * *
The hobgoblin closely misses you.
You hit the hobgoblin but do no damage.
The hobgoblin is moderately wounded.
The jackal barely misses you. The jackal bites you.
You die...

##.###..#
>...[....#
#####....#######.#
................#
##.###.##.#.##..
##.###.##.#.#
............#
.##.###h##.#.#.#
......h@.)...#...
.##.#.##g#.#.# ##.
........#... .#
...#.#..!...#.# #
.## # ..)..#.#...
.#........##[
#.#.#.##.#. # ..
.. ....


You could see 2 jackals and a hobgoblin.

Vanquished Creatures
  A ball python (D:1)
  A bat (D:1)
  7 endoplasms
  A hobgoblin (D:1)
  5 jackals
  A quokka (D:1)
  A frilled lizard (D:1)
  5 goblins
  2 kobolds (D:1)
  A rat (D:2)
25 creatures vanquished.

Notes
Turn   | Place    | Note
-------+----------+-------------------------------------------
     0 | D:1      | testman the Demonspawn Monk began the quest for the Orb.
     0 | D:1      | Reached XP level 1. HP: 18/18 MP: 1/1
   309 | D:1      | Gained mutation: You have a somewhat thin skeletal
                  | structure. (Dex +2, Stealth+) [demonic ancestry]
   309 | D:1      | Reached XP level 2. HP: 3/24 MP: 2/2
  1823 | D:2      | Gained mutation: You may rarely emit foul miasma when
                  | damaged in melee. [demonic ancestry]
  1823 | D:2      | Reached XP level 3. HP: 27/30 MP: 3/3
  1835 | D:2      | HP: 1/30 [jackal (3)]
  1836 | D:2      | Slain by a jackal

Illustrated notes

Levels and vault maps discovered:
D:1:      denvon_arrival_hothouse, layout_basic, serial_co_window_serial,
          co_window_paths_b, co_window_paths_a, co_window_corner_a,
          co_window_paths_a, co_window_of_opportunity_a, co_window_broadway_b,
          co_window_2corner, co_window_cross_2, co_window_2corner,
          co_window_corner_cb, co_window_cross_2, glass_columns_a,
          minmay_misc_feat_four_crosses, minmay_tall_x
D:2:      layout_basic, mrwooster_statue_mirror, minmay_diced_spiral

Skill      XL: |  1 |
---------------+----+-----
Polearms       | 3 |  3.3
Fighting       | |  3.7
Dodging        | |  2.6
Stealth        | |  1.7

Action                   || total
-------------------------++-------
Melee: Spear             ||   108
       Punch             ||     3
 Stab: Sleeping          ||     4
Armor: Robe              ||    25
Dodge: Dodged            ||    85

Table legend: (Time is in decaauts)
 A = Elapsed time spent in this place.
 B = Non-inter-level travel time spent in this place.
 C = Inter-level travel time spent in this place.
 D = Time resting spent in this place.
 E = Time spent auto-exploring this place.
 F = Levels seen in this place.
 G = Mean time per level.
                   A        B        C        D        E       F      G
               +--------+--------+--------+--------+--------+-----+--------+
         Total |   1830 |   1806 |     24 |    334 |   1251 |   2 |  915.0 |
       Dungeon |   1830 |   1806 |     24 |    334 |   1251 |   2 |  915.0 |
               +--------+--------+--------+--------+--------+-----+--------+

Top non-repeatable levels by time:
     D:1: 1691 daAuts
     D:2: 139 daAuts
